 Dungeon Crawl Stone Soup version 0.30-a0-347-gf58ed5266c (webtiles) character file.

Game seed: 752395014051447887

170541 Lanoc the Tortoise (level 17, -3/292 HPs)
             Began as an Armataur Berserker on Nov 6, 2022.
             Was a High Priest of Trog.
             Succumbed to Arachne's poison arrow
             ... on level 3 of the Spider Nest on Nov 7, 2022.
             The game lasted 01:11:42 (38270 turns).

Lanoc the Tortoise (Armataur Berserker)            Turns: 38270, Time: 01:11:43

Health: -3/292     AC: 31    Str: 22    XL:     17   Next: 37%
Magic:  17/17      EV: 14    Int: 10    God:    Trog [*****.]
Gold:   895        SH:  0    Dex: 17    Spells: 16/16 levels left

rFire   . . .      SeeInvis .    j - +11 plutonium sword {Contam Stlth-}
rCold   . . .      Faith    .    (shield currently unavailable)
rNeg    + . .      Spirit   .    v - +6 chain mail of Magic {Int+3 Stlth+}
rPois   +          Reflect  .    (helmet restricted)
rElec   .          Harm     .    S - +2 cloak
rCorr   .          Roll     +    (no gloves)
Will    ++++.      Clarity  +    s - +0 barding
Stlth   ..........               r - amulet of the Four Winds {rN+ Will+++ Clar}
HPRegen 0.68/turn                Z - +4 ring of evasion
MPRegen 0.15/turn                J - ring of poison resistance

@: berserking, lethally poisoned (-3 -> -30), very quick
A: large, rugged brown scales 3, deformed body, armoured tail, roll, long
tongue, awkward tongue, antennae 1, robust 2, weak 1
a: Renounce Religion, Berserk, Trog's Hand, Brothers in Arms


You were on level 3 of the Spider Nest.
You worshipped Trog.
Trog was extremely pleased with you.
You visited 6 branches of the dungeon, and saw 28 of its levels.
You visited the Abyss 1 time.
You also visited: Ice Cave and Volcano.

You collected 3525 gold pieces.
You spent 2630 gold pieces at shops.

Inventory:

Hand Weapons
 j - the +11 plutonium sword (weapon) {Contam Stlth-}
   (You bought it in a shop on level 1 of the Orcish Mines)

   It occasionally inflicts wild transmutation effects on those it strikes,
   inflicting malmutation or extra damage, or polymorphing them into a new form.
   Contam:    It causes magical contamination when unequipped.
   Stlth:     It makes you less stealthy.
 D - the +8 long sword of Defiance {vorpal, rC++ rN+ Str+2}
   (You found it on level 13 of the Dungeon)

   It inflicts extra damage upon your enemies.
   Str:       It affects your strength (+2).
   rC:        It greatly protects you from cold.
   rN:        It protects you from negative energy.
 V - the +7 scimitar "Duikhleic" {distort, *Corrode rN+ Will+ Dex+9}
   (You found it in a volcano)

   It warps and distorts space around it, and may blink, banish, or inflict
   extra damage upon those it strikes.
   Unwielding it can cause banishment or high damage.
   Dex:       It affects your dexterity (+9).
   rN:        It protects you from negative energy.
   *Corrode:  It may corrode you when you take damage.
   Will:      It increases your willpower.
Missiles
 u - 4 throwing nets (quivered)
Armour
 s - a +0 barding (worn)
 v - the +6 chain mail of Magic (worn) {Int+3 Stlth+}
   (You found it on level 2 of the Spider Nest)

   Int:       It affects your intelligence (+3).
   Stlth:     It makes you more stealthy.
 S - a +2 cloak (worn)
 W - a +2 kite shield of cold resistance
Jewellery
 d - a ring of protection from cold
 l - a ring of protection from fire
 r - the amulet of the Four Winds (around neck) {rN+ Will+++ Clar}
   (You bought it in a shop on level 2 of the Orcish Mines)

   [amulet of nothing]

   rN:        It protects you from negative energy.
   Clar:      It protects you against confusion.
   Will:      It greatly increases your willpower.
 z - a +6 ring of strength
 J - a ring of poison resistance (right hand)
 Q - the amulet of Conflict {Spirit rCorr}
   (You found it on level 11 of the Dungeon)

   [amulet of guardian spirit]

   It causes incoming damage to be divided between your reserves of health and
   magic.
   rCorr:     It protects you from acid and corrosion.
 Z - a +4 ring of evasion (left hand)
Wands
 a - a wand of light (17)
 o - a wand of roots (11)
 p - a wand of flame (55)
 A - a wand of charming (46)
 O - a wand of polymorph (10)
 P - a wand of mindburst (13)
 T - a wand of digging (6)
Scrolls
 b - 3 scrolls of silence
 e - 5 scrolls of identify
 f - 8 scrolls of teleportation
 g - 2 scrolls of blinking
 h - 3 scrolls of magic mapping
 n - 5 scrolls of enchant armour
 w - 5 scrolls of fog
 x - 2 scrolls of vulnerability
 y - 7 scrolls of enchant weapon
 B - 4 scrolls of fear
 G - 2 scrolls of summoning
 I - 2 scrolls of brand weapon
 K - 6 scrolls of torment
 L - 4 scrolls of poison
 Y - 2 scrolls of immolation
Potions
 c - 4 potions of flight
 i - 5 potions of lignification
 k - 8 potions of mutation
 m - 12 potions of might
 q - a potion of heal wounds
 t - 2 potions of cancellation
 C - 6 potions of curing
 E - 5 potions of ambrosia
 H - 5 potions of haste
 R - 2 potions of invisibility
 X - 4 potions of attraction
Miscellaneous
 M - a lightning rod (4/4)
 N - a phantom mirror


   Skills:
 + Level 14.9 Fighting
 * Level 16.0 Long Blades
 + Level 18.8 Armour
 + Level 12.6 Dodging


You had 16 spell levels left.
You didn't know any spells.
Your spell library was empty.

Dungeon Overview and Level Annotations

Branches:
Dungeon (15/15)            Temple (1/1) D:7            Lair (5/5) D:8
 Shoals (0/4) Lair:2       Spider (4/4) Lair:3        Slime (0/5) Lair:5
    Orc (2/2) D:11            Elf (1/3) Orc:2        Vaults (0/5) D:13
 Depths (0/4) D:15          IceCv (visited)         Volcano (visited)

Altars:
Ashenzari
Dithmenos
Elyvilon
Fedhas
Gozag
Hepliaklqana
Kikubaaqudgha
Makhleb
Nemelex Xobeh
Okawaru
Qazlal
Ru
Sif Muna
Trog
Uskayaw
Vehumet
Wu Jian
Xom
Yredelemnul
Zin
Jiyva

Shops:
D:5 :[:   D:10 !   D:14 :   Orc:1 *(::?   Orc:2 (=(*

Annotations:
D:12 Azrael
Spider:3 Arachne
Spider:4 Asterion


Innate Abilities, Weirdness & Mutations

You are completely covered in rugged brown scales. (AC +3, +7% HP)
Armour fits poorly on your strangely shaped body.
You have a long armoured tail.
You roll when moving toward enemies. (Rampage)
Your long tongue fully drains potion bottles. (2x potion effects)
Your tongue gives you trouble enunciating. (1.5x scroll delay)
You have a pair of small antennae on your head.
You are very robust. (+20% HP)
You are weak. (Str -2)


Message History

You feel very sick.
The redback bites you but does no damage.
The redback closely misses you. The redback barely misses you. x2
The redback misses you.
You slice the redback!!
You kill the redback!
Trog accepts your kill.
You feel very sick. The redback bites you.
* * * LOW HITPOINT WARNING * * *
The redback barely misses you. x2
The redback bites you but does no damage.
Arachne stares at you and mumbles some strange words.
The poison arrow hits you.
You are lethally poisoned!
You partially resist.
* * * LOW HITPOINT WARNING * * *
You closely miss the redback.
* * * LOW HITPOINT WARNING * * *
You feel very sick.
The redback bites you but does no damage.
The redback misses you. The redback closely misses you.
The redback bites you but does no damage.
Arachne stares at you and mumbles some strange words.
The poison arrow hits you!
You are more poisoned.
You partially resist.
* * * LOW HITPOINT WARNING * * *
You closely miss the redback.
Your tail-slap misses the redback.
* * * LOW HITPOINT WARNING * * *
You feel very sick. The redback misses you. The redback bites you.
* * * LOW HITPOINT WARNING * * *
The redback barely misses you.
The redback bites you but does no damage.
Arachne's staff shoots out a stream of webbing.
The stream of webbing hits you but does no damage.
You are caught in a web!
The web tears apart.
You die...

### #.#### ## #######
###....##### ####. #.##..#
#####.#...###..### #.(.. ##.....#
#.##...........#.###....
#......###..............#..#.....
###....#...............##..#.....
..#............sss....##...#^....
.^###..........†@s....#....#...†.
....#..^^....H(†.†....#..........
....##.......###......#..........
....^##...............#..........
......#.........#....##..........
......##........#..###...........
.......##.#........#.....(.......
.......#^......)...#............^
.......#.....#.....#^............


You could see Arachne (misshapen) and 4 redbacks.

Vanquished Creatures
  A storm dragon (Elf:1)
  Roxanne (D:14)
  An emperor scorpion (Spider:3)
  A ghost moth (Spider:3)
  3 broodmothers
  A stone giant (D:15)
  A quicksilver ooze (Lair:4)
  2 orc warlords
  A spark wasp (Spider:3)
  The ghost of Teveal the Severer, a journeyman MiFi of Trog (D:12)
  A fire dragon (D:14)
  Josephine (D:11)
  Fannar (Lair:3)
  2 entropy weavers
  Erolcha (Orc:2)
  9 hydras
  5 catoblepae (Lair:5)
  An ogre mage (D:13)
  2 ironbound frosthearts (IceCv)
  3 boulder beetles
  Erica (Orc:1)
  A radroach (Spider:3)
  7 centaur warriors
  4 two-headed ogres
  2 tengu warriors (D:15)
  20 death yaks
  3 orc high priests (Orc:2)
  5 dancing weapons (Elf:1)
  4 deep elf knights (Elf:1)
  A shadow wraith (D:15)
  A fire crab (Elf:1)
  3 pharaoh ants
  A death drake (Spider:3)
  A skeletal warrior (D:13)
  3 steelbarb worms
  A sea snake (Elf:1)
  Lodul (D:12)
  An orange crystal statue (D:8)
  A deep elf archer (Elf:1)
  A harpy (D:14)
  5 orb spiders
  A lindwurm (Lair:4)
  7 wolf spiders
  The ghost of RatherSlowDeath the Trooper, a novice HuWn of Ignis (D:5)
  9 deep elf pyromancers (Elf:1)
  8 deep elf zephyrmancers (Elf:1)
  3 orc knights
  8 orc sorcerers
  3 cyclopes
  2 moths of wrath (Spider:1)
  7 manticores
  11 ugly things
  A salamander (shapeshifter) (D:13)
  5 elephants
  An apocalypse crab (Spider:3)
  A smoke demon (Volcano)
  A centaur zombie (Abyss:1)
  An ice statue (IceCv)
  Maurice (D:12)
  7 black mambas
  2 molten gargoyles (Volcano)
  15 cane toads
  A large abomination (Abyss:1)
  7 torpor snails
  8 rime drakes
  Psyche (D:12)
  2 unseen horrors
  9 komodo dragons
  2 efreet
  6 demonic crawlers
  The ghost of decrepitude the Changer, a novice OpTm (D:5)
  A komodo dragon (shapeshifter) (D:15)
  The ghost of DEFE the Poker, a novice DERe (D:5)
  A merfolk (D:11)
  6 meliai
  A queen bee (Spider:2)
  10 trolls
  A hornet (D:13)
  A tarantella (shapeshifter) (Elf:1)
  13 polar bears
  25 blink frogs
  6 dream sheep (Lair:5)
  13 tarantellas
  8 slime creatures
  11 jumping spiders
  An air elemental (Elf:1)
  3 shadows
  A centaur simulacrum (D:13)
  8 wraiths
  16 culicivoras
  A spriggan (D:11)
  4 water elementals (Elf:1)
  5 wyverns
  A fire elemental (Elf:1)
  3 basilisks
  2 fire bats (Volcano)
  108 yaks
  39 redbacks
  A steam dragon (D:8)
  3 vampire mosquitoes
  15 water moccasins
  A warg (Orc:1)
  4 acid dragons
  A floating eye (Spider:3)
  3 hell hounds
  2 sky beasts
  3 ice beasts (D:7)
  47 orc warriors
  5 black bears
  11 ogres
  22 wolves
  5 boggarts
  3 centaurs
  A phantom (D:6)
  2 kobold brigands
  9 bullfrogs
  2 earth elementals (Elf:1)
  3 necrophages
  2 gnoll sergeants
  A scorpion (D:6)
  A wight (D:8)
  19 killer bees
  An electric eel (Spider:2)
  4 lava snakes (Volcano)
  22 jellies
  3 gnoll boudas
  24 orc priests
  3 hounds
  4 iguanas
  29 orc wizards
  Crazy Yiuf (D:5)
  Ijyb (D:4)
  Natasha (thrice) (D:3)
  A boggart simulacrum (D:14)
  13 gnolls
  8 adders
  A shadow imp (D:7)
  13 white imps
  A worm (D:5)
  2 dart slugs
  114 orcs
  9 ball pythons
  5 bats
  9 endoplasms
  3 giant cockroaches
  4 goblins
  11 hobgoblins
  3 jackals (D:4)
  13 kobolds
  3 quokkas
  6 frilled lizards
  11 rats
1019 creatures vanquished.

Vanquished Creatures (others)
  3 wizards
  A deep elf pyromancer (D:14)
  An orc wizard (Orc:1)
  2 orcs (Orc:2)
  47 fungi
  65 plants
119 creatures vanquished.

Grand Total: 1138 creatures vanquished

Notes
Turn   | Place    | Note
-------+----------+-------------------------------------------
     0 | D:1      | Lanoc the Armataur Berserker began the quest for the Orb.
     0 | D:1      | Reached XP level 1. HP: 19/19 MP: 1/1
   177 | D:1      | Reached XP level 2. HP: 25/26 MP: 2/2
   299 | D:1      | You fall into a shaft and drop 1 floor!
   818 | D:1      | Reached ** piety under Trog
   819 | D:1      | Reached XP level 3. HP: 32/32 MP: 3/3
  1111 | D:2      | Found a faded altar of an unknown god.
  1223 | D:2      | Reached skill level 3 in Armour
  1386 | D:2      | Reached XP level 4. HP: 39/40 MP: 4/4
  2401 | D:3      | Noticed Natasha
  2409 | D:3      | Killed Natasha
  2410 | D:3      | Reached XP level 5. HP: 48/48 MP: 5/5
  2499 | D:3      | Noticed Natasha
  2509 | D:3      | Killed Natasha
  2582 | D:3      | Noticed Natasha
  2586 | D:3      | Killed Natasha
  2764 | D:4      | Noticed Ijyb
  2776 | D:4      | Killed Ijyb
  2962 | D:4      | Noticed an ogre
  2968 | D:4      | Killed an ogre
  2969 | D:4      | Reached skill level 4 in Armour
  2969 | D:4      | Reached XP level 6. HP: 55/55 MP: 6/6
  3432 | D:4      | Reached skill level 5 in Long Blades
  3536 | D:4      | Reached XP level 7. HP: 63/63 MP: 7/7
  3763 | D:5      | Entered Level 5 of the Dungeon
  3827 | D:5      | Found a bloodstained altar of Trog.
  3893 | D:5      | Found Ydirchou's Book Shoppe.
  3980 | D:5      | Found a shimmering altar of Xom.
  4051 | D:5      | Found Voafapa's Antique Armour Shoppe.
  4206 | D:5      | Reached skill level 5 in Armour
  4264 | D:5      | Reached *** piety under Trog
  4347 | D:5      | Found Pehy's Book Shop.
  4375 | D:5      | Found a runed translucent gate.
  4375 | D:5      | Found a runed translucent gate.
  4379 | D:5      | Found a runed translucent gate.
  4380 | D:5      | Noticed decrepitude's ghost (novice OpTm)
  4381 | D:5      | Noticed RatherSlowDeath's ghost (novice HuWn)
  4381 | D:5      | Noticed DEFE's ghost (novice DERe)
  4557 | D:5      | Found a runed translucent door.
  4558 | D:5      | Noticed Crazy Yiuf
  4567 | D:5      | Killed Crazy Yiuf
  4747 | D:5      | Killed RatherSlowDeath's ghost
  4748 | D:5      | Reached skill level 5 in Fighting
  4748 | D:5      | Reached XP level 8. HP: 72/72 MP: 8/8
  4751 | D:5      | Killed DEFE's ghost
  4752 | D:5      | Reached skill level 6 in Armour
  4854 | D:5      | Killed decrepitude's ghost
  4920 | D:6      | Reached XP level 9. HP: 79/79 MP: 9/9
  5255 | D:6      | Reached skill level 7 in Armour
  5505 | D:6      | Identified the +1 ring mail of Apeska {Str+2 Int+3}
  6033 | D:7      | Found a staircase to the Ecumenical Temple.
  6057 | Temple   | Entered the Ecumenical Temple
  7109 | D:8      | Noticed a two-headed ogre
  7129 | D:8      | Killed a two-headed ogre
  7130 | D:8      | Reached skill level 8 in Armour
  7130 | D:8      | Reached skill level 5 in Dodging
  7136 | D:8      | Reached XP level 10. HP: 89/89 MP: 10/10
  7172 | D:8      | Gained mutation: You are robust. (+10% HP) [potion of
                  | mutation]
  7172 | D:8      | Gained mutation: You have a pair of small antennae on your
                  | head. [potion of mutation]
  7172 | D:8      | Gained mutation: You are very robust. (+20% HP) [potion of
                  | mutation]
  7718 | D:8      | Noticed an orange crystal statue
  7803 | D:8      | Killed an orange crystal statue
  8167 | D:9      | Reached skill level 9 in Armour
  8228 | D:8      | Noticed a death yak
  8229 | D:8      | Noticed a death yak
  8257 | D:8      | Killed a death yak
  8258 | D:8      | Reached skill level 10 in Long Blades
  8380 | D:8      | Identified the +2 helmet of Plog {Drain +Inv Str-3 SInv}
  8390 | D:8      | Noticed a death yak
  8401 | D:8      | Noticed a death yak
  8541 | D:8      | Noticed a death yak
  8563 | D:7      | Killed a death yak
  8614 | D:8      | Noticed a death yak
  8614 | D:8      | Noticed a death yak
  8634 | D:8      | Killed a death yak
  8635 | D:8      | Reached XP level 11. HP: 70/116 MP: 11/11
  8657 | D:7      | Killed a death yak
  8828 | D:7      | Killed a death yak
  9080 | D:8      | Killed a death yak
  9140 | D:8      | Found a staircase to the Lair.
  9416 | D:9      | Reached skill level 10 in Armour
  9606 | D:9      | Found a stormy altar of Qazlal.
 10131 | D:10     | Entered Level 10 of the Dungeon
 10219 | D:10     | Found Nohybuh's Distillery.
 10602 | D:10     | Reached **** piety under Trog
 10819 | D:10     | Found a burning altar of Makhleb.
 10819 | D:10     | Found an ornate altar of the Wu Jian Council.
 10920 | D:11     | Killed a death yak
 11175 | D:11     | Noticed Josephine
 11190 | D:11     | Killed Josephine
 11191 | D:11     | Reached XP level 12. HP: 130/130 MP: 12/12
 11466 | D:11     | Reached skill level 11 in Armour
 11896 | D:11     | Identified the amulet of Conflict {Spirit rCorr}
 12081 | D:11     | Found a staircase to the Orcish Mines.
 12609 | D:12     | Noticed Psyche
 12633 | Abyss:1  | Cast into level 1 of the Abyss (Psyche)
 12847 | D:12     | Escaped the Abyss
 12852 | D:12     | Killed Psyche
 12946 | D:12     | Noticed Maurice
 12968 | D:12     | Killed Maurice
 13114 | D:12     | Noticed Azrael
 13376 | D:12     | Noticed Lodul
 13386 | D:12     | Killed Lodul
 13769 | D:12     | Found a large runed translucent door.
 13769 | D:12     | Found a large runed translucent door.
 13772 | D:12     | Noticed Teveal's ghost (journeyman MiFi)
 13910 | D:12     | Killed Teveal's ghost
 14012 | D:13     | Reached skill level 12 in Armour
 14072 | D:13     | Noticed a centaur warrior
 14094 | D:13     | Killed a centaur warrior
 14094 | D:13     | Reached ***** piety under Trog
 14537 | D:13     | Noticed a centaur warrior
 14550 | D:13     | Killed a centaur warrior
 14706 | D:13     | Noticed a centaur warrior
 14720 | D:13     | Killed a centaur warrior
 14810 | D:13     | Reached XP level 13. HP: 137/142 MP: 13/13
 15404 | D:13     | Identified the +10 mace "Lifext" {flame, rC+ Int-5 Dex+2}
 15405 | D:13     | Identified the +8 long sword of Defiance {vorpal, rC++ rN+
                  | Str+2}
 15415 | D:13     | Identified the +6 war axe "Beastslayer" {venom, rF++ Dex+2}
 15560 | D:13     | Found a gate to the Vaults.
 15576 | D:13     | Reached skill level 10 in Fighting
 15841 | D:14     | Noticed a fire dragon
 15853 | D:14     | Killed a fire dragon
 16190 | D:14     | Noticed Nessos
 16199 | D:14     | Nessos changed into Nessos the harpy
 16199 | D:14     | Noticed Nessos
 16202 | D:14     | Killed Nessos the harpy
 16409 | D:14     | Identified Roxanne's Catalogue of Terra Firma
 16409 | D:14     | Noticed Roxanne
 16593 | D:14     | Found a stormy altar of Qazlal.
 16805 | D:14     | Killed Roxanne
 16812 | D:14     | Found Etys's Book Boutique.
 16899 | D:14     | Reached skill level 13 in Armour
 16929 | D:15     | Entered Level 15 of the Dungeon
 17182 | D:15     | Found a radiant altar of Vehumet.
 17736 | D:15     | Noticed a stone giant
 17737 | D:15     | Found a staircase to the Depths.
 17744 | D:15     | Killed a stone giant
 18313 | Orc:1    | Entered Level 1 of the Orcish Mines
 18313 | Orc:1    | Noticed an orc warlord
 18324 | D:11     | Reached XP level 14. HP: 154/154 MP: 10/14
 18440 | Lair:1   | Entered Level 1 of the Lair of Beasts
 18494 | Lair:1   | Found a dark tunnel.
 18504 | Volcano  | Entered a volcano
 18650 | Volcano  | Found a bloodstained altar of Trog.
 18772 | Volcano  | Reached skill level 14 in Armour
 18797 | Volcano  | Identified the +7 scimitar "Duikhleic" {distort, *Corrode
                  | rN+ Will+ Dex+9}
 18847 | Lair:1   | Found a frozen archway.
 18850 | IceCv    | Entered an ice cave
 19921 | Lair:1   | Received a gift from Trog
 19924 | Lair:1   | Reached skill level 15 in Armour
 19935 | Lair:1   | Reached skill level 10 in Dodging
 21838 | Lair:2   | Found a staircase to the Shoals.
 21893 | Lair:2   | Identified the +8 sling of Custor {elec, rPois rN+ SInv
                  | Stlth+}
 22705 | Lair:3   | Found a hole to the Spider Nest.
 22990 | Lair:3   | Noticed Fannar
 23008 | Lair:3   | Killed Fannar
 23447 | Lair:4   | Reached XP level 15. HP: 170/170 MP: 15/15
 23846 | Lair:4   | Reached skill level 16 in Armour
 24229 | Lair:4   | Received a gift from Trog
 24473 | Lair:4   | You fall into a shaft and drop 1 floor!
 24473 | Lair:5   | Entered Level 5 of the Lair of Beasts
 25689 | Lair:5   | Reached skill level 17 in Armour
 25704 | Lair:5   | Received a gift from Trog
 26163 | Lair:5   | Found a staircase to the Slime Pits.
 26164 | Lair:5   | Found a viscous altar of Jiyva.
 27220 | Orc:1    | Reached XP level 16. HP: 172/184 MP: 12/16
 27403 | Orc:1    | Found Teileju's Assorted Antiques.
 27410 | Orc:1    | Found Akez's Weapon Boutique.
 27492 | Orc:1    | Noticed Erica
 27501 | Orc:1    | Found Ohoranol's Book Shop.
 27510 | Orc:1    | Killed Erica
 27615 | Orc:1    | Bought the +11 plutonium sword {Contam Stlth-} for 1500
                  | gold pieces
 27615 | Orc:1    | Found the +11 plutonium sword {Contam Stlth-}
 27733 | Orc:1    | Found Kegryt's Book Shoppe.
 27944 | Orc:1    | Found Roang's Magic Scroll Emporium.
 27950 | Orc:1    | Bought a scroll of teleportation for 45 gold pieces
 27950 | Orc:1    | Bought a scroll of teleportation for 45 gold pieces
 28092 | Orc:2    | Entered Level 2 of the Orcish Mines
 28678 | Orc:2    | Found Tobe's Jewellery Shoppe.
 28684 | Orc:2    | Bought the amulet of the Four Winds {rN+ Will+++ Clar} for
                  | 971 gold pieces
 28684 | Orc:2    | Found the amulet of the Four Winds {rN+ Will+++ Clar}
 28749 | Orc:2    | Gained mutation: You are weak. (Str -2) [a neqoxec]
 28759 | Orc:2    | Noticed Erolcha
 28782 | Orc:2    | Received a gift from Trog
 29288 | Orc:2    | Killed Erolcha
 29393 | Orc:2    | Found Fifeanke's Assorted Antiques.
 29393 | Orc:2    | Found a staircase to the Elven Halls.
 29401 | Orc:2    | Bought a potion of curing for 69 gold pieces
 29625 | Orc:2    | Found Orog's Weapon Emporium.
 29679 | Orc:2    | Found Giriffum's Antique Weapon Shoppe.
 29682 | Orc:2    | Found Osijiw's Antique Armour Emporium.
 29809 | Elf:1    | Entered Level 1 of the Elven Halls
 30385 | Elf:1    | Identified the +7 hand axe "Leviticus" {elec, rN+}
 30425 | Elf:1    | Received a gift from Trog
 31026 | Elf:1    | Reached skill level 18 in Armour
 31027 | Elf:1    | a deep elf sorcerer changed into a storm dragon
 31027 | Elf:1    | Noticed a storm dragon
 31031 | Elf:1    | Killed a storm dragon
 31424 | Elf:1    | Reached skill level 15 in Long Blades
 32314 | Spider:1 | Entered Level 1 of the Spider Nest
 32359 | Lair:3   | HP: 8/186 [broodmother (15)]
 34151 | Spider:1 | Received a gift from Trog
 34830 | Spider:2 | Identified the +6 chain mail of Magic {Int+3 Stlth+}
 35702 | Spider:2 | Reached XP level 17. HP: 136/195 MP: 17/17
 37546 | Spider:4 | Entered Level 4 of the Spider Nest
 37915 | Spider:4 | Noticed Asterion
 38090 | Spider:4 | Noticed Arachne
 38174 | Spider:3 | Received a gift from Trog
 38268 | Spider:3 | HP: 6/292 [Arachne/poison arrow (9)]
 38269 | Spider:3 | HP: 2/292 [poisoned by Arachne (poison arrow)]
 38270 | Spider:3 | Succumbed to Arachne's poison arrow

Illustrated notes

Levels and vault maps discovered:
D:1:      moated_graveyard_arrival, layout_basic, minmay_rat_gold_closets
D:2:      layout_basic, ebering_ecumenical_altar_webs, minmay_misc_feat_rows
D:3:      layout_basic, uniq_natasha
D:4:      layout_basic, uniq_ijyb
D:5:      layout_loops_ring, mainiacjoe_overflow_cross_hatched,
          mainiacjoe_overflow_brackets, serial_shops, shop, shop,
          nicolae_shop_hallway_plus, gammafunk_ghost_cemetery,
          minmay_misc_feat_five, amcnicky_mini_pool_small,
          uniq_crazy_yiuf_cottage
D:6:      layout_basic, minmay_misc_feat_secret_circle, nicolae_lava_and_water,
          hangedman_decor_diamond_cutter
D:7:      layout_loops_corners, minmay_temple_entry_proselytizer
D:8:      minmay_statue_hallways, layout_basic, dpeg_lair_monsters,
          minmay_alternating_orb
D:9:      layout_rooms, lemuel_tele_altar
D:10:     layout_cave_pools, gammafunk_temple_overflow_wave, serial_shops,
          nicolae_shop_crystal
D:11:     layout_basic, david_orc_4, hangedman_stone_soup, uniq_josephine
D:12:     layout_roguey, ebering_ghost_disaster_area, uniq_lodul, uniq_azrael,
          uniq_maurice, uniq_psyche
D:13:     minmay_the_grid_square_5x5_3x3 [minmay_the_grid_square_5x5_tri_point,
          minmay_the_grid_square_5x5_checkered,
          minmay_the_grid_square_5x5_inner_i, minmay_the_grid_square_5x5_seven,
          minmay_the_grid_square_5x5_megaprize_crossed,
          minmay_the_grid_square_5x5_tie, minmay_the_grid_square_5x5_slash,
          minmay_the_grid_square_5x5_three_walls, minmay_the_grid_square_5x5_n],
          layout_grid_maze, david_vaults_2
D:14:     layout_basic, serial_shops, shop, nicolae_figureground_pulse,
          nicolae_qazlal_general_emergency, uniq_nessos, uniq_roxanne
D:15:     grunt_enter_depths_snipers, layout_basic, nicolae_vehumet_radiance
Temple:   sentei_temple_godly_chess
Lair:1:   layout_layer_cave, portal_ice_cave_entry_imps,
          nicolae_volcano_entry_hallway
Lair:2:   layout_small_grid, shoals_dummy_entry, nicolae_lair_grazing_beasts
          [nicolae_sub_lair_graze_edge, nicolae_sub_lair_graze_edge,
          nicolae_sub_lair_graze_edge, nicolae_sub_lair_graze_edge]
Lair:3:   layout_chaotic_city, spider_nest_entry_webs, uniq_fannar
Lair:4:   layout_regular_city, nicolae_lair_time_for_slime
Lair:5:   evilmike_catoblepas_cave, layout_loops_ring,
          minmay_slime_entry_jelly_boxes, nicolae_lair_yak_garden
Spider:1: layout_spider_delve, nicolae_spider_twisty_arc_passages
Spider:2: layout_spider_delve, nicolae_spider_cling_halls
Spider:3: layout_spider_delve, special_room [special_room_bee], drop_trap
Spider:4: hellmonk_spider_rune_endless_swarm, uniq_arachne, uniq_asterion,
          uniq_aizul
Orc:1:    layout_caves, serial_shops, nicolae_shop_hallway_stairs,
          nicolae_shop_bloodbath_and_beyond, shop_fountains, shop,
          nicolae_shop_advertising_works [nicolae_subvault_shop_adworks],
          uniq_erica
Orc:2:    grunt_orc_community_town_hall, layout_caves,
          grunt_orc_community_big_house_2, grunt_orc_community_big_house_2,
          grunt_orc_community_house_2, grunt_orc_community_house_1,
          grunt_orc_community_house_1, grunt_orc_community_house_1,
          grunt_orc_community_house_1, grunt_orc_community_house_3,
          serial_shops, shop_statue, uniq_erolcha
Elf:1:    layout_onion_city, hangedman_elf_disciples

Skill      XL: |  1  2  3  4  5  6  7  8  9 10 11 12 13 14 15 16 17 |
---------------+----------------------------------------------------+-----
Long Blades    | 3 4 5 6 7 8 10 11 13 14 15 16 | 16.0
Fighting       | 3 4 5 6 7 8 9 10 12 13 14 | 14.9
Armour         | 3 4 5 6 8 9 10 12 13 15 17 18 | 18.8
Dodging        | 2 3 4 5 6 7 9 10 11 12 | 12.6

Action                   |  1- 3 |  4- 6 |  7- 9 | 10-12 | 13-15 | 16-18 || total
-------------------------+-------+-------+-------+-------+-------+-------++-------
Melee: Falchion          |   127 |   184 |   376 |   136 |       |       ||   823
       Tailslap          |    19 |    20 |    55 |   153 |   293 |   160 ||   700
       Punch             |       |     1 |     8 |     4 |       |       ||    13
       Scimitar          |       |       |       |   689 |    76 |       ||   765
       Long sword        |       |       |       |       |  1297 |    47 ||  1344
       Triple sword      |       |       |       |       |       |   960 ||   960
Invok: Berserk           |       |     6 |    12 |    26 |    42 |    22 ||   108
       Trog's Hand       |       |       |       |       |       |     1 ||     1
Evoke: Wand              |       |       |       |       |     2 |     4 ||     6
       Lightning rod     |       |       |       |       |     4 |       ||     4
  Use: Potion            |       |       |       |    12 |       |     8 ||    20
       Scroll            |       |       |       |    19 |     8 |     4 ||    31
 Stab: Sleeping          |     3 |     7 |       |     2 |       |       ||    12
       Distracted        |       |       |     1 |       |     1 |       ||     2
       Petrified         |       |       |       |       |     7 |       ||     7
       Betrayed ally     |       |       |       |       |       |     1 ||     1
Armor: Animal skin       |    42 |    31 |       |       |       |       ||    73
       Leather armour    |       |    33 |   239 |   460 |   240 |       ||   972
       Skin              |       |       |       |    43 |       |       ||    43
       Chain mail        |       |       |       |       |   551 |  1102 ||  1653
Dodge: Dodged            |    62 |    74 |   119 |   354 |   591 |  1343 ||  2543
Block: Kite shield       |       |       |       |   162 |   633 |    18 ||   813
       Buckler           |       |       |       |       |     3 |       ||     3

Table legend: (Time is in decaauts)
 A = Elapsed time spent in this place.
 B = Non-inter-level travel time spent in this place.
 C = Inter-level travel time spent in this place.
 D = Time resting spent in this place.
 E = Time spent auto-exploring this place.
 F = Levels seen in this place.
 G = Mean time per level.
                   A        B        C        D        E       F      G
               +--------+--------+--------+--------+--------+-----+--------+
         Total |  38806 |  37070 |   1736 |   4253 |  25804 |  31 | 1251.8 |
       Dungeon |  18767 |  17659 |   1108 |    500 |  13855 |  15 | 1251.1 |
        Temple |      1 |      1 |      0 |      0 |      0 |   1 |    1.0 |
          Lair |   8081 |   7719 |    362 |    474 |   5950 |   5 | 1616.2 |
   Spider Nest |   5351 |   5254 |     97 |   2560 |   1769 |   4 | 1337.8 |
  Orcish Mines |   2715 |   2605 |    110 |    406 |   1638 |   2 | 1357.5 |
   Elven Halls |   2322 |   2266 |     56 |    264 |   1691 |   1 | 2322.0 |
         Abyss |    213 |    213 |      0 |      5 |    175 |   1 |  213.0 |
      Ice Cave |   1034 |   1034 |      0 |      0 |    724 |   1 | 1034.0 |
       Volcano |    318 |    318 |      0 |     42 |      0 |   1 |  318.0 |
               +--------+--------+--------+--------+--------+-----+--------+

Top non-repeatable levels by time:
   Elf:1: 2322 daAuts
Spider:2: 2232 daAuts
  Lair:5: 2178 daAuts
  Lair:3: 2033 daAuts
     D:7: 1809 daAuts
    D:13: 1796 daAuts
     D:8: 1775 daAuts
Spider:3: 1710 daAuts
    D:11: 1708 daAuts
  Lair:1: 1622 daAuts
    D:12: 1420 daAuts
   Orc:2: 1359 daAuts
   Orc:1: 1356 daAuts
Spider:1: 1350 daAuts
  Lair:4: 1332 daAuts
